 Dungeon Crawl Stone Soup version 0.30.1-9-gdf580d7c3d (webtiles) character file.

Game seed: 10101679049850397880

267 Ivernyr the Shield-Bearer (level 6, -8/49 HPs)
             Began as a Formicid Fighter on Oct 6, 2023.
             Mangled by an orc warrior
             ... wielding a +0 flail
              (13 damage)
             ... on level 5 of the Dungeon.
             The game lasted 00:07:16 (2483 turns).

Ivernyr the Shield-Bearer (Formicid Fighter)        Turns: 2483, Time: 00:07:17

Health: -8/49      AC:  7    Str: 21    XL:     6   Next: 45%
Magic:  6/6        EV:  8    Int:  7    God:
Gold:   160        SH: 10    Dex: 15    Spells: 5/5 levels left

rFire   . . .        a - +0 long sword
rCold   . . .        c - +0 kite shield
rNeg    . . .        b - +0 scale mail
rPois   .            (helmet unavailable)
rElec   .            (no cloak)
rCorr   .            (no gloves)
SInv    +            (no boots)
Will    .....        (no amulet) Stlth
                     (no ring)
HPRegen 0.28/turn    (no ring)
MPRegen 0.10/turn

%: no passive effects
@: mighty
A: permanent stasis, dig shafts and tunnels, antennae 3, four strong arms
a: Dig, Shaft Self


You were on level 5 of the Dungeon.
You visited 1 branch of the dungeon, and saw 6 of its levels.

You collected 160 gold pieces.

Inventory:

Hand Weapons
 a - a +0 long sword (weapon)
Armour
 b - a +0 scale mail (worn)
 c - a +0 kite shield (worn)
 s - a +0 cloak
Jewellery
 i - a ring of protection from cold
 k - a ring of ice
Scrolls
 e - a scroll of enchant weapon {unknown}
 f - 6 scrolls of identify {unknown}
 g - a scroll of magic mapping {unknown}
 j - a scroll of teleportation {unknown}
 l - 4 scrolls of noise {unknown}
 p - a scroll of torment {unknown}
 q - a scroll of fog {unknown}
 r - a scroll of silence {unknown}
Potions
 d - a potion of might
 h - a potion of haste {unknown}
 m - a potion of attraction {unknown}
 n - a potion of resistance {unknown}
 o - a potion of heal wounds {unknown}


   Skills:
 + Level 4.3 Fighting
 * Level 4.2 Long Blades
 + Level 4.4 Armour
 + Level 5.3 Shields


You had 5 spell levels left.
You didn't know any spells.
Your spell library contained the following spells:

 Spells                   Type           Power      Damage    Failure   Level
 Lesser Beckoning         Tloc           0%         N/A       99%         2
 Gell's Gravitas          Tloc           0%         N/A       100%        3
 Teleport Other           Tloc           0%         N/A       100%        3


Dungeon Overview and Level Annotations

Branches:
Dungeon (6/15)
 Temple: D:4-7

Altars:
Zin

Shops:
D:3 ?(

Annotations:
D:5 3 runed translucent doors, kalagan's ghost, novice DECj


Innate Abilities, Weirdness & Mutations

You cannot be hasted, slowed, berserked, paralysed or teleported.
You can dig through walls and to a lower floor.
You have a pair of large antennae on your head. (SInv)
Your four strong arms can wield two-handed weapons with a shield.


Message History

You hit the orc wizard but do no damage.
You block the orc wizard's attack.
You slash the orc!
You kill the orc!
You block the orc wizard's attack.
You hit the orc wizard.
The orc wizard is moderately wounded.
You block the orc wizard's attack.
You hit the orc wizard.
The orc wizard is moderately wounded.
The orc wizard barely misses you. You block the orc warrior's attack.
The orc wizard casts a spell at you.
The puff of flame hits you but does no damage.
You hit the orc wizard.
The orc wizard is heavily wounded.
You block the orc wizard's attack.
The orc warrior hits you with a +0 flail.
Unknown command.
You hit the orc wizard.
The orc wizard is almost dead.
The orc wizard closely misses you. The orc warrior barely misses you.
You slash the orc wizard!
You kill the orc wizard!
The orc warrior hits you with a +0 flail.
The orc warrior hits you with a +0 flail!
You feel very mighty all of a sudden. You block the orc warrior's attack.
You hit the orc warrior but do no damage.
You block the orc warrior's attack.
You hit the orc warrior.
The orc warrior is lightly wounded.
The orc warrior hits you with a +0 flail!
You hit the orc warrior but do no damage.
The orc warrior is lightly wounded.
The orc warrior hits you with a +0 flail! x2
* * * LOW HITPOINT WARNING * * *
You slash the orc warrior!
The orc warrior is heavily wounded.
The orc warrior hits you with a +0 flail!
You die...

#. .... #. .$...
#.####... #......
.######..)######
................
######...######
#))........ #@#########
#o# { #.# { #.# #.# ##
#.# ########. #.#
#........ #.# #........
.######.########........


You could see an orc warrior.

Vanquished Creatures
  A hound (D:4)
  A gnoll bouda (D:4)
  A jelly (D:3)
  An orc wizard (D:5)
  4 gnolls
  4 adders
  2 worms (D:2)
  2 dart slugs
  4 orcs (D:5)
  5 bats
  7 endoplasms
  A giant cockroach (D:2)
  7 goblins
  7 hobgoblins
  6 jackals
  2 quokkas
  3 ball pythons
  5 frilled lizards
  3 kobolds
  3 rats
69 creatures vanquished.

Notes
Turn   | Place    | Note
-------+----------+-------------------------------------------
     0 | D:1      | Ivernyr the Formicid Fighter began the quest for the Orb.
     0 | D:1      | Reached XP level 1. HP: 18/18 MP: 1/1
   133 | D:1      | Reached XP level 2. HP: 22/24 MP: 2/2
   398 | D:1      | Reached XP level 3. HP: 28/29 MP: 3/3
  1053 | D:2      | Reached XP level 4. HP: 27/37 MP: 4/4
  1533 | D:3      | Found Nibluq's Magic Scroll Shop.
  1577 | D:3      | Reached XP level 5. HP: 25/42 MP: 5/5
  2031 | D:3      | Found Kukhlac's Antique Weapon Shoppe.
  2066 | D:3      | Reached skill level 5 in Shields
  2246 | D:4      | Found a glowing silver altar of Zin.
  2246 | D:4      | Noticed an angel
  2268 | D:4      | Reached XP level 6. HP: 17/48 MP: 6/6
  2274 | D:4      | You fall into a shaft and drop 2 floors!
  2410 | D:5      | Entered Level 5 of the Dungeon
  2410 | D:5      | Found a runed translucent gate.
  2410 | D:5      | Found a runed translucent gate.
  2411 | D:5      | Found a runed translucent gate.
  2415 | D:5      | Noticed kalagan's ghost (novice DECj)
  2415 | D:5      | Noticed an ice beast
  2470 | D:5      | Noticed an orc warrior
  2483 | D:5      | Mangled by an orc warrior

Illustrated notes

Levels and vault maps discovered:
D:1:      eino_arrival_druids_welcome, layout_basic
D:2:      layout_loops_ring
D:3:      layout_loops_cross, serial_shops, nicolae_shop_behind_doors,
          nicolae_shop_window_shopping, kennysheep_generic_room_14
D:4:      layout_basic, zin_angel, minmay_temple_entry_gardened_gates,
          minivault_27, uniq_pikel, uniq_ijyb, uniq_edmund, uniq_robin
D:5:      layout_basic, gammafunk_ghost_split, uniq_crazy_yiuf_cottage,
          uniq_blork_the_orc, uniq_duvessa
D:6:      layout_rooms, riverfiend_overflow_shadow_ancestor,
          portal_sewer_entry_f

Skill      XL: |  1  2  3  4  5  6 |
---------------+-------------------+-----
Long Blades    | 3 4 |  4.2
Armour         | 4 |  4.4
Fighting       | 4 |  4.3
Shields        | 5 |  5.3

Action                     |  1- 3 |  4- 6 || total
---------------------------+-------+-------++-------
  Melee: Long sword        |   102 |   121 ||   223
Ability: Shaft Self        |       |     1 ||     1
    Use: Potion            |       |     1 ||     1
 Armour: Scale mail        |    40 |    38 ||    78
  Dodge: Dodged            |    33 |    42 ||    75
  Block: Kite shield       |    64 |    71 ||   135
         Buckler           |     2 |       ||     2
